AoeStats
← Unknown

Fortress

509263021Analyzed
3v3 RM · 7d ago on Sep 26, 2026· 45m 39s· 6 players
Game mode
Random Map
Map size
Large (8 player)
Population
200
Speed
Normal
Resources
Standard
Victory
Conquest
Starting age
Dark Age
Ending age
Imperial Age
RankedLock teamsTeams togetherTeam positionsShared explorationLock speedFull tech treeHidden civsTurbo modeCheats
Victory
Defeat
🇲🇽 Ethiopians · Mexico
1192
+14
🇵🇪 Huns · Peru
1170
+15
🇹🇷 Spanish · Türkiye
1163
+15
🇺🇸 Saxons · United States
1258
-18
🇺🇸 Franks · United States
1179
-16
🇺🇸 Romans · United States
1022
-10
SenorLeyenda561
6:08 Feudal Age
7:11 Loom
10:50 Castle Age
8:44 Double-Bit Axe
9:42 Horse Collar
11:14 Forging
13:07 Scale Mail Armor
19:44 Iron Casting
30:49 Wheelbarrow
30:03 Town Watch
34:31 Imperial Age
34:00 Light Cavalry
35:27 Scale Barding Armor
37:46 Town Patrol
37:48 Fletching
37:59 Padded Archer Armor
38:27 Caravan
39:08 Gold Mining
40:10 Bodkin Arrow
39:37 Crossbowman
40:28 Thumb Ring
41:27 Chemistry
41:03 Bracer
41:18 Leather Archer Armor
41:35 Arbalester
43:27 Ballistics
44:11 Ring Archer Armor
45:49 Bow Saw
Unknown
7:06 Feudal Age
11:04 Castle Age
11:26 Scale Barding Armor
11:53 Double-Bit Axe
11:53 Horse Collar
18:25 Bow Saw
18:18 Loom
20:46 Heavy Plow
23:20 Wheelbarrow
27:04 Imperial Age
25:27 Marauders
26:39 Forging
26:52 Hand Cart
26:23 Town Watch
27:05 Elite Tarkan
28:25 Chain Barding Armor
28:33 Husbandry
28:44 Bloodlines
29:33 Iron Casting
30:09 Plate Barding Armor
31:50 Blast Furnace
Hakuna Mataha
7:37 Feudal Age
11:44 Castle Age
9:53 Double-Bit Axe
10:12 Horse Collar
12:11 Gold Mining
13:16 Bow Saw
20:01 Wheelbarrow
19:40 Heavy Plow
19:44 Stone Mining
25:25 Padded Archer Armor
29:01 Imperial Age
27:27 Bloodlines
28:10 Husbandry
28:27 Leather Archer Armor
31:11 Ring Archer Armor
32:27 Conscription
33:16 Chemistry
32:49 Scale Barding Armor
32:56 Forging
34:01 Supremacy
33:36 Cavalier
34:38 Chain Barding Armor
36:30 Coinage
36:12 Guilds
38:16 Two-Man Saw
38:31 Plate Barding Armor
42:03 Iron Casting
Xilex
5:20 Loom
7:56 Feudal Age
11:32 Castle Age
10:09 Arson
10:28 Scale Mail Armor
11:07 Double-Bit Axe
22:39 Bow Saw
24:51 Forging
27:29 Wheelbarrow
29:43 Gold Mining
30:14 Hand Cart
30:09 Horse Collar
33:21 Imperial Age
32:13 Town Watch
32:31 Heavy Plow
33:08 Iron Casting
32:49 Chain Mail Armor
32:25 Fletching
32:37 Padded Archer Armor
33:52 Gold Shaft Mining
34:26 Fortified Wall
33:46 Elite Skirmisher
34:31 Thumb Ring
34:55 Ballistics
35:36 Chemistry
37:00 Two-Man Saw
37:36 Crop Rotation
37:32 Elite Varangian Guard
38:14 Squires
38:03 Gambesons
40:07 Plate Mail Armor
39:33 Bodkin Arrow
39:45 Scale Barding Armor
40:05 Conscription
39:31 Capped Ram
39:50 Pikeman
41:01 Halberdier
43:42 Shield Wall
Matrim Myth
8:10 Feudal Age
14:06 Castle Age
13:19 Double-Bit Axe
18:32 Gold Mining
23:20 Imperial Age
22:18 Wheelbarrow
22:26 Husbandry
22:42 Bow Saw
25:06 Scale Barding Armor
26:31 Gold Shaft Mining
26:04 Cavalier
26:57 Forging
29:41 Hand Cart
30:58 Stone Mining
31:34 Conscription
32:01 Chain Barding Armor
34:01 Plate Barding Armor
39:08 Iron Casting
39:27 Paladin
45:49 Blast Furnace
Wildanlor
8:00 Feudal Age
8:05 Man-at-Arms
10:00 Scale Mail Armor
14:23 Castle Age
12:30 Horse Collar
14:35 Gold Mining
14:44 Double-Bit Axe
15:30 Loom
19:45 Forging
23:43 Bow Saw
25:05 Ballistics
24:44 Murder Holes
25:03 Fortified Wall
27:16 Murder Holes
30:11 Wheelbarrow
29:21 Town Watch
30:59 Town Patrol
31:08 Scale Barding Armor
31:34 Ballistas
34:46 Imperial Age
34:53 Chain Barding Armor
35:11 Iron Casting
34:55 Hand Cart
36:26 Conscription
35:31 Heavy Scorpion
36:00 Long Swordsman
38:03 Chemistry
37:58 Siege Engineers
38:26 Pikeman
40:10 Plate Barding Armor
40:21 Halberdier
Connection lost

Rejoining the realm…

Still unreachable

The connection could not be restored.

Session expired

The server has moved on; the page needs a fresh start.